 Dungeon Crawl Stone Soup version 0.29.0-15-g675c0067aa (webtiles) character file.

Game seed: 3004199991129503899

5 qw the Sneak (level 1, 0/14 HPs)
             Began as a Gargoyle Delver on Sept 11, 2022.
             Slain by a gnoll
             ... wielding a +0 spear
             ... led by a gnoll bouda
              (6 damage)
             ... on level 5 of the Dungeon.
             The game lasted 00:00:01 (148 turns).

qw the Sneak (Gargoyle Delver)                       Turns: 148, Time: 00:00:02

Health: 0/14       AC:  5    Str: 15    XL:     1   Next: 80%
Magic:  1/1        EV: 11    Int: 10    God:
Gold:   0          SH:  0    Dex: 11    Spells: 0/0 levels left

rFire   . . .      SeeInvis .   a - +0 hand axe
rCold   . . .      Faith    .   (no shield)
rNeg    + . .      Spirit   .   b - +0 leather armour
rPois   inf        Reflect  .   (no helmet)
rElec   +          Harm     .   (no cloak)
rCorr   .          Rampage  .   (no gloves)
Will    .....                   (no boots)
Stlth   +++.......              (no amulet)
HPRegen 0.04/turn               (no ring)
MPRegen 0.07/turn               (no ring)

@: no status effects
A: sickness immunity, AC +2, negative energy resistance 1, electricity
resistance, torment resistance 1, petrification resistance
a: no special abilities


You were on level 5 of the Dungeon.
You visited 1 branch of the dungeon, and saw 1 of its levels.


Innate Abilities, Weirdness & Mutations

You are immune to sickness and miasma.
Your stone body is resilient. (AC +2)
You are immune to poison.
You resist negative energy. (rN+)
You are resistant to electric shocks. (rElec)
You are resistant to unholy torment.
You are immune to petrification.


   Skills:
 - Level 3.2 Fighting
 + Level 2.2 Axes
 - Level 1.5 Dodging
 - Level 5.4 Stealth


You couldn't memorise any spells.
You didn't know any spells.
Your spell library was empty.

Inventory:

Hand Weapons
 a - a +0 hand axe (weapon)
Armour
 b - a +0 leather armour (worn)
Wands
 g - a wand of digging (3)
Scrolls
 c - a scroll of fog
 d - a scroll of magic mapping
 e - a scroll of fear
 h - a scroll of poison {unknown}
Potions
 f - a potion of haste

Dungeon Overview and Level Annotations

Branches:
Dungeon (5/15)
 Temple: D:4-7

Altars:


Message History

Found a stone staircase leading down.
The ufetubus hits you. x2
You hit the ufetubus.
The ufetubus is moderately wounded.
The ufetubus barely misses you. The ufetubus misses you.
You closely miss the ufetubus.
The ufetubus is moderately wounded.
The ufetubus barely misses you. The ufetubus completely misses you.
The ufetubus closely misses you. The ufetubus misses you.
You hit the ufetubus.
You kill the ufetubus!
Your Axes skill increases to level 2!
You start resting.
HP restored.
h - a scroll labelled REGIOHAYRO As you open the door, it creaks loudly!
There is an open door here.
There is an open door here.
Found a dagger.
Enter note:
Enter note: A gnoll bouda comes into view.
It is wielding a +0 whip and wearing the +5 chain mail of Ibohemough {Rampage rElec rCorr Dex-4}.
A gnoll comes into view.
It is wielding a +0 club. 2 gnolls come into view.
A gnoll is wielding a +0 flail of protection.
The gnoll moves out of view.
Found a leather armour.
The gnoll bouda shouts!
The gnoll shouts! x2
You hit the gnoll but do no damage. The gnoll closely misses you.
The gnoll drinks a potion.
The gnoll goes berserk!
The gnoll closely misses you.
You barely miss the gnoll.
The gnoll hits you with a +0 flail of protection!
Ouch! That really hurt!
The gnoll barely misses you.
You hit the gnoll bouda.
The gnoll bouda is lightly wounded.
You hit the gnoll but do no damage. The gnoll hits you but does no damage.
The gnoll hits you from afar with a +0 spear.
You die...

#.........### #.###...#
#+##.####.# #. #.# #.###
..........# #. #.# #..#
....####### #. .# ##.###
....######## .#####.#
#...#### #.#........#
[......## ###.....
#.#.######.#####g.......
###... #.#.#
##.......g...... #...
#.#.# ###.......@g......
#...
#.#.###.#........g......
#...
#.....#.'...............
#...
###'#+#.#.........######
#### #.......###.###.###
#......## #.# #.#
#.........#). ..#
#......##.#######
#......# #


You could see a gnoll bouda and 3 gnolls.

Vanquished Creatures
  An ufetubus (D:5)
1 creature vanquished.

Notes
Turn   | Place    | Note
-------+----------+-------------------------------------------
     0 | D:5      | qw the Gargoyle Delver began the quest for the Orb.
     0 | D:5      | Reached XP level 1. HP: 14/14 MP: 1/1
     0 | D:5      | 0 ||| qw: Version: 0.1-a-118-gb4e7ce6
     0 | D:5      | 0 ||| qw: Game counter: 10511
     0 | D:5      | 0 ||| qw: Always use a shield: true
     0 | D:5      | 0 ||| qw: God list: Okawaru
     0 | D:5      | 0 ||| qw: Allow faded altars: false
     0 | D:5      | 0 ||| qw: Do Orc after D:15 true
     0 | D:5      | 0 ||| qw: Do second Lair branch before Depths: true
     0 | D:5      | 0 ||| qw: Lair rune preference: random
     0 | D:5      | 0 ||| qw: Plans: Normal
     0 | D:5      | 0 ||| PLANNING D:1-11
   138 | D:5      | Identified the +5 chain mail of Ibohemough {Rampage rElec
                  | rCorr Dex-4}
   138 | D:5      | Noticed a gnoll bouda
   148 | D:5      | Slain by a gnoll

Levels and vault maps discovered:
D:5:      layout_basic, tgw_trog, uniq_ijyb

Skill      XL: |  1 |
---------------+----+-----
Axes           | 2 |  2.2
Fighting       | |  3.2
Dodging        | |  1.5
Stealth        | |  5.4

Action                   || total
-------------------------++-------
Melee: Hand axe          ||     6
Armor: Leather armour    ||     1
Dodge: Dodged            ||     9

Table legend:
 A = Non-vault XP
 B = Vault XP
 C = Vault XP percentage of total XP
 D = Non-vault monster count
 E = Vault monster count
 F = Vault count percentage of total count
                 A         B        C        D         E       F
            +---------+---------+-------+---------+---------+-------
      Total |       8 |       0 |   0.0 |       1 |       0 |   0.0
            +---------+---------+-------+---------+---------+-------
        D:5 |       8 |       0 |   0.0 |       1 |       0 |   0.0
            +---------+---------+-------+---------+---------+-------
